 Dungeon Crawl Stone Soup version 0.17-a0-877-ga10078a (webtiles) character file.

152 FedoraBrony69 the Covered (level 5, -2/47 HPs)
             Began as a Minotaur Fighter on Apr 30, 2015.
             Killed from afar by an orc wizard (6 damage)
             ... with a puff of flame
             ... on level 3 of the Dungeon.
             The game lasted 00:02:55 (2675 turns).

FedoraBrony69 the Covered (Minotaur Fighter)        Turns: 2675, Time: 00:02:55

Health: -2/47      AC:  7    Str: 22    XL:     5   Next: 11%
Magic:  4/4        EV:  7    Int:  5    God:
Gold:   134        SH:  9    Dex:  9    Spells: 0 memorised, 4 levels left

rFire  . . .     SeeInvis .     a - +0 flail
rCold  . . .     Clarity  .     b - +0 scale mail
rNeg   . . .     SustAb   .     c - +0 shield
rPois  .         Gourm    .     (helmet restricted)
rElec  .         Spirit   .     (no cloak)
rCorr  .         Warding  .     (no gloves)
rMut   .         Stasis   .     (no boots)
MR     .....                    (no amulet)
Stlth  ..........               (no ring)
                                (no ring)

@: not resistant to hostile enchantments, extremely unstealthy
A: retaliatory headbutt, horns 2
a: no special abilities


You were on level 3 of the Dungeon.
You were hungry.

You visited 1 branch of the dungeon, and saw 4 of its levels.

You collected 134 gold pieces.

Inventory:

Hand weapons
 a - a +0 flail (weapon)
Armour
 b - a +0 scale mail (worn)
 c - a +0 shield (worn)
Jewellery
 g - an uncursed ring of ice {unknown}
 i - a cursed -3 ring of slaying {unknown}
 t - an uncursed ring of protection from fire {unknown}
Magical devices
 y - a wand of random effects (15)
Scrolls
 j - a scroll of magic mapping {unknown}
 m - 4 scrolls of identify {unknown}
 n - a scroll of teleportation {unknown}
 o - 2 scrolls of random uselessness {unknown}
 p - 2 scrolls of noise {unknown}
 v - a scroll of blinking {unknown}
Potions
 d - 3 potions of might
 f - 4 potions of agility {unknown}
 h - 2 potions of flight {unknown}
 k - a potion of heal wounds {unknown}
 l - a potion of haste {unknown}
 q - a potion of poison {unknown}
 u - a potion of lignification {unknown}
 w - a potion of degeneration {unknown}
 x - a potion of berserk rage {unknown}
Books
 s - a Young Poisoner's Handbook

   Spells                             Type                      Level
   a - Sting                          Conjuration/Poison           1
   b - Cure Poison                    Poison                       2
   c - Mephitic Cloud                 Conjuration/Poison/Air       3
   d - Olgreb's Toxic Radiance        Poison                       4
   e - Venom Bolt                     Conjuration/Poison           5
Comestibles
 e - 3 bread rations
 r - a beef jerky


   Skills:
 + Level 4.3 Fighting
 * Level 4.5 Maces & Flails
 + Level 4.6 Armour
 + Level 4.4 Shields


You had 4 spell levels left.
You didn't know any spells.

Dungeon Overview and Level Annotations

Branches:
Dungeon (4/15)
 Temple: D:4-7

Altars:
Makhleb
Nemelex Xobeh


Innate Abilities, Weirdness & Mutations

You reflexively headbutt those who attack you in melee.
You have a pair of horns on your head.


Message History

You hear some strange, mumbled words.
A puff of flame appears from out of thin air!
The puff of flame hits you!
* * * LOW HITPOINT WARNING * * *
You block the orc priest's attack. You block its attack.
You sock the orc priest!
You kill the orc priest!
You have reached level 5!
Something hits you but does no damage. Something hits you.
* * * LOW HITPOINT WARNING * * *
You hit something. You headbutt something.
Something hits you but does no damage.
You closely miss something. You headbutt something.
Something hits you but does no damage. x2
You miss something. Something hits you.
* * * LOW HITPOINT WARNING * * *
You hear some strange, mumbled words.
A puff of flame appears from out of thin air!
The puff of flame hits you!
You die...

......#(##.#
........##.##
##+##...o.oo########
#....#.##.........#
####.#.####.####..##
#.#.# #####....#
#.#... #>.##...##
#... #...#.[.#
.#....##..#@..#+
......####){...###.
......(..............
.............♣......
.....................
#......###[....###.
#.....##..#...#+
#.... ####..#...#...#
#.....# #..#>.##...##
#.....#


There were no monsters in sight!

Vanquished Creatures
  An orc priest (D:3)
  A worker ant (D:4)
  3 adders
  2 oozes (D:1)
  A worm (D:2)
  A giant gecko (D:1)
  4 orcs
  2 ball pythons (D:1)
  3 giant cockroaches
  7 goblins
  2 hobgoblins
  10 jackals
  3 kobolds
  4 bats
  2 quokkas
  5 rats
51 creatures vanquished.

Notes
Turn   | Place    | Note
--------------------------------------------------------------
     0 | D:1      | FedoraBrony69, the Minotaur Fighter, began the quest for the Orb.
     0 | D:1      | Reached XP level 1. HP: 19/19 MP: 0/0
   384 | D:1      | Reached XP level 2. HP: 27/27 MP: 1/1
  1046 | D:1      | Reached skill level 4 in Shields
  1145 | D:1      | Reached XP level 3. HP: 33/33 MP: 2/2
  1403 | D:2      | Found a burning altar of Makhleb.
  1403 | D:2      | Found a sparkling altar of Nemelex Xobeh.
  1733 | D:2      | Reached XP level 4. HP: 40/40 MP: 3/3
  2672 | D:3      | Reached XP level 5. HP: 6/47 MP: 4/4
  2675 | D:3      | Killed from afar by an orc wizard

Action                   |  1- 3 |  4- 6 || total
-------------------------+-------+-------++-------
Melee: Flail             |    82 |    47 ||   129
  Eat: Chunk             |     2 |     3 ||     5
